AoeStats
← harooooo

Hill Fort

504604924Analyzed
4v4 RM · 27d ago on Sep 5, 2026· 57m 38s· 8 players
Game mode
Random Map
Map size
Large (8 player)
Population
200
Speed
Normal
Resources
Standard
Victory
Conquest
Starting age
Dark Age
Ending age
Imperial Age
RankedLock teamsTeams togetherTeam positionsShared explorationLock speedFull tech treeHidden civsTurbo modeCheats
Victory
Defeat
🇨🇳 Teutons · China
1561
+12
🇭🇰 Britons · Hong Kong SAR China
1524
+14
🇨🇦 Georgians · Canada
1435
+17
🇨🇦 Magyars · Canada
1425
+18
🇧🇦 Mongols · Bosnia & Herzegovina
1563
-18
🇧🇦 Georgians · Bosnia & Herzegovina
1476
-16
🇧🇦 Lithuanians · Bosnia & Herzegovina
1427
-14
🇭🇷 Magyars · Croatia
1417
-13
harooooo
7:10 Loom
9:14 Feudal Age
9:23 Feudal Age
15:17 Castle Age
13:33 Double-Bit Axe
17:21 Bow Saw
17:23 Horse Collar
32:14 Wheelbarrow
42:03 Imperial Age
40:08 Town Watch
40:15 Gold Mining
40:27 Heavy Plow
41:33 Fletching
42:26 Bodkin Arrow
42:13 Onager
43:15 Drill
43:31 Siege Engineers
45:37 Bracer
45:37 Padded Archer Armor
46:30 Gold Shaft Mining
47:16 Forging
48:57 Ballistics
48:39 Padded Archer Armor
48:42 Scale Mail Armor
48:52 Forging
48:42 Scale Mail Armor
48:43 Squires
49:04 Pikeman
52:04 Chemistry
51:21 Chain Mail Armor
52:32 Plate Mail Armor
53:00 Conscription
53:17 Hoardings
52:52 Masonry
52:38 Murder Holes
53:51 Scale Barding Armor
54:26 Hand Cart
54:03 Stone Mining
55:08 Iron Casting
54:13 Siege Onager
54:31 Light Cavalry
55:21 Bloodlines
55:16 Husbandry
BLKN Jasar
9:45 Feudal Age
10:19 Loom
17:52 Fletching
21:22 Horse Collar
23:18 Wheelbarrow
25:55 Castle Age
25:18 Double-Bit Axe
27:45 Bow Saw
29:14 Stone Mining
29:15 Gold Mining
31:46 Bodkin Arrow
34:48 Imperial Age
32:51 Town Watch
34:29 Scale Barding Armor
34:34 Forging
35:34 Chain Barding Armor
36:48 Iron Casting
37:37 Conscription
38:27 Hoardings
38:26 Bloodlines
38:16 Husbandry
38:23 Bracer
39:00 Plate Barding Armor
41:09 Cavalier
44:18 Paladin
46:12 Padded Archer Armor
47:31 Pikeman
48:11 Squires
49:45 Scale Mail Armor
49:24 Halberdier
50:19 Thumb Ring
51:02 Chain Mail Armor
51:24 Elite Skirmisher
52:20 Leather Archer Armor
Mihoviliam
9:33 Feudal Age
15:09 Double-Bit Axe
17:39 Castle Age
17:44 Horse Collar
17:59 Fletching
18:09 Padded Archer Armor
18:36 Bodkin Arrow
19:02 Bow Saw
20:35 Leather Archer Armor
20:54 Gold Mining
22:59 Wheelbarrow
24:09 Thumb Ring
26:24 Loom
26:24 Town Watch
28:06 Ballistics
30:16 Hand Cart
31:03 Heavy Plow
31:42 Gold Shaft Mining
30:58 Stone Mining
38:47 Imperial Age
36:29 Town Patrol
36:13 Treadmill Crane
37:51 Husbandry
38:02 Bloodlines
37:53 Scale Mail Armor
37:59 Scale Barding Armor
38:01 Corvinian Army
39:53 Conscription
39:05 Cavalier
40:06 Chain Barding Armor
39:47 Bracer
40:35 Crop Rotation
41:07 Two-Man Saw
41:06 Paladin
43:32 Plate Barding Armor
51:05 Coinage
52:20 Banking
Pitlja
10:50 Feudal Age
10:00 Loom
14:49 Castle Age
13:08 Double-Bit Axe
14:54 Horse Collar
16:03 Bow Saw
21:29 Scale Barding Armor
24:23 Chain Barding Armor
25:19 Wheelbarrow
31:09 Hand Cart
31:27 Heavy Plow
33:57 Bloodlines
34:50 Forging
38:06 Imperial Age
36:14 Iron Casting
36:41 Svan Towers
36:29 Fletching
36:40 Guard Tower
37:12 Ballistics
36:47 Town Watch
37:07 Husbandry
37:24 Gold Mining
37:26 Stone Mining
38:08 Bodkin Arrow
39:14 Conscription
39:01 Aznauri Cavalry
39:10 Bracer
39:58 Keep
40:44 Chemistry
40:57 Plate Barding Armor
41:05 Masonry
41:44 Elite Monaspa
42:06 Cavalier
45:17 Light Cavalry
45:57 Hussar
48:12 Murder Holes
48:48 Architecture
50:36 Coinage
50:18 Guilds
50:52 Capped Ram
54:08 Caravan
N0rth
9:40 Feudal Age
14:45 Castle Age
13:04 Double-Bit Axe
13:31 Horse Collar
16:06 Wheelbarrow
17:11 Bow Saw
24:42 Scale Barding Armor
24:30 Gold Mining
26:10 Hand Cart
28:35 Imperial Age
25:51 Loom
26:20 Forging
26:34 Fletching
26:56 Town Watch
28:03 Bodkin Arrow
28:44 Iron Casting
28:22 Bloodlines
28:34 Chain Barding Armor
28:59 Murder Holes
29:26 Ballistics
30:59 Conscription
32:25 Siege Engineers
32:27 Stone Mining
32:38 Heavy Plow
32:16 Elite Monaspa
34:51 Plate Barding Armor
37:21 Svan Towers
37:22 Aznauri Cavalry
38:52 Bracer
39:53 Blast Furnace
38:52 Guard Tower
41:04 Chemistry
46:32 Hoardings
48:09 Caravan
52:41 Guilds
52:59 Masonry
53:25 Keep
52:36 Arrowslits
53:02 Fortified Wall
Squittlez
7:19 Loom
11:32 Feudal Age
15:54 Castle Age
15:45 Double-Bit Axe
15:41 Horse Collar
21:40 Bow Saw
23:02 Wheelbarrow
23:45 Fletching
24:01 Gold Mining
25:52 Bodkin Arrow
27:10 Padded Archer Armor
28:06 Leather Archer Armor
29:41 Gold Shaft Mining
29:24 Bloodlines
29:15 Husbandry
31:12 Ballistics
34:48 Imperial Age
35:02 Thumb Ring
36:02 Conscription
36:11 Recurve Bow
36:14 Bracer
37:22 Chemistry
38:53 Parthian Tactics
39:06 Heavy Cavalry Archer
40:18 Corvinian Army
42:40 Ring Archer Armor
42:27 Caravan
44:03 Hand Cart
44:50 Two-Man Saw
43:51 Heavy Plow
44:57 Scale Barding Armor
47:04 Chain Barding Armor
46:09 Light Cavalry
46:11 Elite Magyar Huszar
47:01 Siege Engineers
49:14 Crop Rotation
50:39 Treadmill Crane
51:09 Masonry
53:08 Hussar
55:40 Plate Barding Armor
LagiPup
11:00 Feudal Age
15:08 Castle Age
13:23 Horse Collar
14:14 Loom
14:45 Double-Bit Axe
15:42 Fletching
19:17 Bodkin Arrow
23:26 Town Watch
24:50 Ballistics
26:31 Padded Archer Armor
28:17 Wheelbarrow
35:07 Imperial Age
36:21 Bracer
36:38 Hand Cart
37:04 Crossbowman
37:52 Arbalester
39:52 Leather Archer Armor
41:01 Bow Saw
40:51 Heavy Plow
40:42 Gold Mining
40:43 Stone Mining
42:48 Ring Archer Armor
44:04 Conscription
46:18 Town Patrol
46:26 Man-at-Arms
46:51 Gambesons
47:07 Squires
46:52 Arson
47:09 Scale Mail Armor
48:21 Yeomen
47:55 Pikeman
48:56 Chain Mail Armor
51:27 Two-Man Saw
50:57 Long Swordsman
54:04 Plate Mail Armor
53:44 Forging
53:19 Two-Handed Swordsman
56:08 Champion
57:26 Iron Casting
Long-Long-Way
6:02 Loom
8:46 Feudal Age
10:11 Fletching
20:51 Horse Collar
26:33 Castle Age
25:28 Double-Bit Axe
27:50 Bow Saw
27:47 Heavy Plow
31:11 Town Watch
35:26 Wheelbarrow
37:14 Hand Cart
37:06 Gold Mining
37:08 Stone Mining
41:47 Imperial Age
39:59 Scale Barding Armor
40:05 Forging
40:53 Caravan
41:06 Bloodlines
41:17 Chain Barding Armor
42:11 Cavalier
43:27 Plate Barding Armor
44:28 Two-Man Saw
44:36 Iron Casting
43:44 Paladin
45:25 Conscription
46:02 Crop Rotation
46:35 Blast Furnace
46:04 Crenellations
46:34 Fortified Wall
46:46 Ballistics
47:23 Coinage
50:11 Banking
52:53 Onager
54:59 Bodkin Arrow
Connection lost

Rejoining the realm…

Still unreachable

The connection could not be restored.

Session expired

The server has moved on; the page needs a fresh start.